 Dungeon Crawl Stone Soup version 0.29.1-2-gbd0b4ee654 (webtiles) character file.

Game seed: 4449401673433748835

82964 JacoesBerries the Sorcerer (level 15, -8/80 HPs)
             Began as a Deep Elf Conjurer on Nov 16, 2022.
             Was an Elder of Sif Muna.
             Killed from afar by a deep elf zephyrmancer (21 damage)
             ... with a bolt of lightning
             ... on level 2 of the Elven Halls on Nov 18, 2022.
             The game lasted 02:25:24 (41539 turns).

JacoesBerries the Sorcerer (Deep Elf Conjurer)     Turns: 41539, Time: 02:25:25

Health: -8/80      AC: 19    Str:  4    XL:     15   Next: 31%
Magic:  23/51      EV: 14    Int: 37    God:    Sif Muna [****..]
Gold:   1069       SH:  0    Dex: 13    Spells: 10/56 levels left

rFire   . . .      SeeInvis .   p - +7 dagger (protect)
rCold   . . .      Faith    .   (no shield)
rNeg    . . .      Spirit   .   g - +3 leather armour
rPois   .          Reflect  .   l - +2 helmet
rElec   .          Harm     .   G - +2 cloak
rCorr   +          Rampage  .   N - +2 pair of gloves
Will    +....                   W - +2 pair of boots
Stlth   +++.......              w - amulet "Jokhlogh" {Regen+ rCorr}
HPRegen 1.03/turn               L - +6 ring of intelligence
MPRegen 0.32/turn               O - ring of magical power

@: studying 2 skills
A: no striking features
a: Renounce Religion, Channel Magic, Forget Spell, Divine Exegesis


You were on level 2 of the Elven Halls.
You worshipped Sif Muna.
Sif Muna was greatly pleased with you.
You visited 4 branches of the dungeon, and saw 19 of its levels.
You also visited: Bailey.

You collected 2135 gold pieces.
You spent 1066 gold pieces at shops.

Inventory:

Hand Weapons
 k - a +2 dagger of electrocution
 m - a +6 dagger
 p - a +7 dagger of protection (weapon)
 t - a +2 dagger of venom
 E - a +5 dagger
 F - the +1 dagger "Xihom" {vorpal, +Blink rF- rCorr Stlth+}
   (You found it on level 6 of the Dungeon)

   It inflicts extra damage upon your enemies.
   rF:        It makes you vulnerable to fire.
   +Blink:    It lets you blink.
   rCorr:     It protects you from acid and corrosion.
   Stlth:     It makes you more stealthy.
Missiles
 I - 20 poisoned darts
 T - 4 datura-tipped darts (quivered)
Armour
 c - a +2 robe of cold resistance
 f - a +2 robe of positive energy
 g - a +3 leather armour (worn)
 l - a +2 helmet (worn)
 z - a +1 leather armour of willpower
 G - a +2 cloak (worn)
 M - the +8 scale mail "Idotimn" {rF+ Will+ Dex+4}
   (You found it on level 10 of the Dungeon)

   Dex:       It affects your dexterity (+4).
   rF:        It protects you from fire.
   Will:      It increases your willpower.
 N - a +2 pair of gloves (worn)
 W - a +2 pair of boots (worn)
Jewellery
 b - a +6 ring of strength
 r - a ring of wizardry
 w - the amulet "Jokhlogh" (around neck) {Regen+ rCorr}
   (You bought it in a shop on level 2 of the Orcish Mines)

   [amulet of regeneration]

   Regen:     It increases your rate of health regeneration.
   rCorr:     It protects you from acid and corrosion.
 x - a ring of positive energy
 A - a ring of wizardry
 L - a +6 ring of intelligence (left hand)
 O - a ring of magical power (right hand)
 P - a ring of willpower
 Q - a ring of see invisible
Wands
 d - a wand of digging (3)
 K - a wand of roots (4)
 R - a wand of paralysis (6)
Scrolls
 i - 6 scrolls of teleportation
 j - 3 scrolls of blinking
 u - 3 scrolls of poison
 y - a scroll of summoning
 C - a scroll of amnesia
Potions
 a - 2 potions of might {unknown}
 e - 5 potions of curing
 h - a potion of invisibility {unknown}
 n - 2 potions of attraction {unknown}
 q - 2 potions of lignification
 s - 2 potions of ambrosia
 v - a potion of cancellation
 B - 6 potions of brilliance
 D - a potion of mutation
 J - 2 potions of heal wounds
 Y - a potion of flight {unknown}
Miscellaneous
 o - a lightning rod (4/4)


   Skills:
 + Level 3.9 Fighting
 + Level 5.1 Short Blades
 + Level 1.4 Throwing
 + Level 5.3 Armour
 + Level 8.4 Dodging
 + Level 7.7 Stealth
 + Level 21.1 Spellcasting
 + Level 13.8 Conjurations
 + Level 5.7 Hexes
 + Level 8.6 Translocations
 + Level 0.8 Transmutations
 + Level 1.2 Fire Magic
 + Level 9.9 Air Magic
 + Level 0.8 Earth Magic
 + Level 1.9 Poison Magic


You had 10 spell levels left.
You knew the following spells:

 Your Spells              Type           Power      Damage    Failure   Level
a - Magic Dart            Conj           100%       1d8       0%          1
b - Searing Ray           Conj           100%       2d8       0%          2
c - Iskenderun's Mystic   Conj/Tloc      89%        2d17      1%          4
d - Fulminant Prism       Conj/Hex       42%        3d20      1%          4
e - Mephitic Cloud        Conj/Pois/Air  80%        N/A       1%          3
f - Lightning Bolt        Conj/Air       45%        1d65      1%          5
g - Airstrike             Air            42%        2d(7-23)  1%          4
h - Flame Wave            Conj/Fire      76%        2d17      1%          4
i - Passwall              Tmut/Erth      37%        N/A       1%          2
j - Orb of Destruction    Conj           48%        9d13      3%          7
k - Iskenderun's Battles  Conj           96%        2d14      1%          5
l - Fireball              Conj/Fire      38%        3d16      1%          5

Your spell library contained the following spells:

 Spells                   Type           Power      Damage    Failure   Level
 Apportation              Tloc           100%       N/A       1%          1
 Foxfire                  Conj/Fire      100%       2x1d9     1%          1
 Freeze                   Ice            100%       1d11      1%          1
 Necrotise                Necr           100%       1d9       1%          1
 Sandblast                Erth           90%        2d19      1%          1
 Slow                     Hex            100%       N/A       1%          1
 Summon Small Mammal      Summ           100%       N/A       1%          1
 Blink                    Tloc           100%       N/A       1%          2
 Call Imp                 Summ           39%        N/A       1%          2
 Confusing Touch          Hex            69%        N/A       1%          3
 Conjure Flame            Conj/Fire      76%        6-21      1%          3
 Dazzling Flash           Conj/Hex       100%       N/A       1%          3
 Inner Flame              Hex/Fire       60%        N/A       1%          3
 Lesser Beckoning         Tloc           80%        N/A       1%          3
 Stone Arrow              Conj/Erth      100%       3d13      1%          3
 Summon Guardian Golem    Hex/Summ       57%        N/A       1%          3
 Hailstorm                Conj/Ice       74%        3d15      1%          4
 Summon Lightning Spire   Summ/Air       66%        N/A       1%          4
 Manifold Assault         Tloc           80%        N/A       1%          5
 Conjure Ball Lightning   Conj/Air       45%        3x3d16    1%          6
 Call Canine Familiar     Summ           39%        N/A       3%          3
 Frozen Ramparts          Ice            78%        1d12      3%          3
 Dispersal                Tloc           40%        N/A       4%          6
 Yara's Violent Unravell  Hex/Tmut       29%        3d12      9%          5
 Iron Shot                Conj/Erth      38%        9d8       9%          6
 Spellforged Servitor     Conj/Summ      37%        N/A       50%         7
 Enfeeble                 Hex            34%        N/A       67%         7
 Eringya's Noxious Bog    Tmut/Pois      24%        N/A       69%         6
 Statue Form              Tmut/Erth      30%        N/A       77%         6
 Malign Gateway           Summ/Tloc      31%        N/A       86%         7
 Death Channel            Necr           19%        N/A       87%         6
 Summon Cactus Giant      Summ           19%        N/A       87%         6


Dungeon Overview and Level Annotations

Branches:
Dungeon (10/15)            Temple (0/1) D:5            Lair (5/5) D:8
  Swamp (0/4) Lair:2        Snake (0/4) Lair:3        Slime (0/5) Lair:4
    Orc (2/2) D:10            Elf (2/3) Orc:2        Bailey (visited)

Altars:
Cheibriados
Dithmenos
Fedhas
Hepliaklqana
Kikubaaqudgha
Ru
Sif Muna
Vehumet
Xom
The Shining One
Jiyva
Lugonu

Shops:
D:2 =   D:9 =[   D:10 [:   Orc:2 :(=*   Elf:2 (

Portals:
Abyss: Lair:5

Annotations:
Lair:4 2 transporters, TheSexyCheese's ghost, journeyman HOFi
Elf:1 1 runed translucent door, SushiGirl's ghost, journeyman DECj


Message History

The deep elf archer shoots an arrow.
The arrow hits you but does no damage.
Casting: Orb of Destruction (dangerous; 3% risk of failure)
Confirm with . or Enter, or press ? or * to list all spells.
Aiming: Orb of Destruction (dangerous; 3% risk of failure)
Press: ? - help, Shift-Dir - straight line, f/p - deep elf archer
Aim: a deep elf archer, wielding a +0 shortbow and wearing a +0 leather armour (repelling missiles)
Your orb of destruction hits a rock wall.
The deep elf archer shoots an arrow.
The arrow hits you but does no damage.
You hear a shout!
The deep elf archer shoots an arrow.
The arrow hits you.
The deep elf archer shoots an arrow.
The arrow hits you!
You hear a shout!
There is a stone staircase leading down here.
Casting: Orb of Destruction (dangerous; 3% risk of failure)
Confirm with . or Enter, or press ? or * to list all spells.
Aiming: Orb of Destruction (dangerous; 3% risk of failure)
Press: ? - help, Shift-Dir - straight line, f/p - deep elf archer
Aim: a deep elf archer, wielding a +0 shortbow and wearing a +0 leather armour (repelling missiles)
The deep elf archer shoots an arrow.
The arrow hits you!
The orb of destruction hits the deep elf archer!!!
You blow up the deep elf archer!
Sif Muna accepts your kill.
You start resting.
A deep elf zephyrmancer comes into view.
It is wielding a +1 vorpal long sword.
A deep elf zephyrmancer is nearby!
Casting: Orb of Destruction (dangerous; 3% risk of failure)
Confirm with . or Enter, or press ? or * to list all spells.
Aiming: Fulminant Prism (safe; 1% risk of failure)
Press: ? - help, Dir - move target You conjure a prism of explosive energy!
A fulminant prism comes into view.
A deep elf zephyrmancer comes into view.
It is wielding a +0 war axe.
The deep elf zephyrmancer points at you and mumbles some strange words.
The bolt of lightning hits you!!
You hear a loud crackle.
The deep elf zephyrmancer points at you and mumbles some strange words.
The bolt of lightning hits you!!
* * * LOW HITPOINT WARNING * * *
The bolt of lightning hits you!!
You die...

# #.....#.... #.
#.....#.... #..
#.......... #ee###
#......)### ..)*.
#.......... ...
#..........
######'########..........
.......>......)..........
........@................
.#######'#..##########..#
......#..#........#..#
.......#..'........#..'
#.....[.#..#).####..#..#
#......?#..#..# .#..#
#.....(.)..#.)# #..#..#
#.......#..#..# #..#..#
......#..#..# #..#..#


You could see 2 deep elf zephyrmancers and a friendly fulminant prism.

Vanquished Creatures
  A deep elf sorcerer (Elf:2)
  3 orc warlords
  2 deep elf death magi (Elf:1)
  2 hydras (Lair:2)
  A boulder beetle (Lair:5)
  Fannar (D:10)
  2 catoblepae (Lair:5)
  Urug (Lair:2)
  11 dancing weapons
  A two-headed ogre (D:10)
  4 thrashing horrors (Lair:5)
  An orc high priest (Orc:2)
  6 deep elf knights (Elf:1)
  Sonja (D:10)
  5 deep elf archers
  A harpy (shapeshifter) (Elf:2)
  3 orc knights
  15 deep elf zephyrmancers
  12 deep elf pyromancers
  An oklob plant (Lair:2)
  5 orc sorcerers (Orc:2)
  A cyclops (Orc:1)
  An ugly thing (Lair:5)
  3 elephants (Lair:3)
  2 black mambas
  A smoke demon (Lair:5)
  A torpor snail (Lair:4)
  5 cane toads
  3 komodo dragons
  3 rime drakes
  3 ancient zymes (Lair:5)
  4 trolls
  A hornet (D:9)
  A polar bear (Lair:3)
  7 dream sheep (Lair:4)
  27 blink frogs
  Sigmund (D:2)
  2 air elementals
  2 spriggans (Lair:5)
  3 wyverns
  A ynoxinul (Lair:5)
  42 yaks
  A water elemental (Elf:1)
  4 fire elementals
  4 basilisks
  2 steam dragons
  Menkaure (D:7)
  4 chaos spawn (Lair:5)
  4 wargs
  A large abomination (Lair:5)
  6 nagas (Lair:3)
  19 water moccasins
  36 orc warriors
  3 black bears
  3 ice beasts
  Duvessa (D:4)
  7 ogres
  A sky beast (D:7)
  10 small abominations (Lair:5)
  3 centaurs
  49 wolves
  2 phantoms
  3 kobold brigands
  2 gnoll sergeants
  8 bullfrogs
  2 necrophages (D:6)
  4 scorpions
  2 earth elementals (Elf:1)
  12 wights
  Dowan (D:4)
  3 electric eels (Bailey)
  5 howler monkeys
  Crazy Yiuf (D:2)
  6 hounds
  4 jellies
  15 orc priests
  2 gnoll boudas
  3 iguanas
  An iron imp (D:6)
  32 orc wizards
  7 adders
  17 gnolls
  A white imp (D:6)
  A worm (D:2)
  5 dart slugs
  79 orcs
  10 ball pythons
  5 bats
  7 endoplasms
  4 giant cockroaches
  11 goblins
  9 hobgoblins
  4 jackals (D:2)
  5 quokkas
  3 frilled lizards (D:1)
  19 kobolds
  6 rats
  A fulminant prism (Orc:2)
654 creatures vanquished.

Vanquished Creatures (collateral kills)
  2 elephants (Lair:3)
  A komodo dragon (D:7)
  A wolf (Lair:3)
  An orc priest (Orc:2)
  An orc (Orc:2)
6 creatures vanquished.

Vanquished Creatures (others)
  A deep elf knight (Elf:1)
  An orc sorcerer (Orc:2)
  An unseen horror (D:10)
  An air elemental (Elf:1)
  A bush (Lair:3)
  66 fulminant prisms
  116 fungi
  104 plants
291 creatures vanquished.

Grand Total: 951 creatures vanquished

Notes
Turn   | Place    | Note
-------+----------+-------------------------------------------
     0 | D:1      | JacoesBerries the Deep Elf Conjurer began the quest for the
                  | Orb.
     0 | D:1      | Reached XP level 1. HP: 10/10 MP: 6/6
   290 | D:1      | Reached XP level 2. HP: 14/15 MP: 1/8
   313 | D:1      | Learned a level 2 spell: Searing Ray
   497 | D:1      | Reached skill level 5 in Conjurations
   722 | D:1      | Reached XP level 3. HP: 19/19 MP: 6/9
  1418 | D:2      | Found a runed translucent door.
  1418 | D:2      | You fall into a shaft and drop 2 floors!
  1571 | D:4      | Noticed Duvessa
  1571 | D:4      | Noticed Dowan
  1630 | D:3      | Reached XP level 4. HP: 24/24 MP: 5/11
  1635 | D:3      | Learned a level 4 spell: Iskenderun's Mystic Blast
  2209 | D:2      | Found Vereukle's Jewellery Emporium.
  2234 | D:2      | Noticed Sigmund
  2241 | D:2      | Killed Sigmund
  2242 | D:2      | Reached skill level 1 in Short Blades
  2242 | D:2      | Reached skill level 4 in Spellcasting
  2242 | D:2      | Reached XP level 5. HP: 18/28 MP: 0/14
  2746 | D:2      | Noticed Crazy Yiuf
  2919 | D:2      | Learned a level 4 spell: Fulminant Prism
  3410 | D:3      | Reached XP level 6. HP: 32/32 MP: 12/15
  3942 | D:4      | Killed Dowan
  4124 | D:4      | Reached skill level 5 in Spellcasting
  4514 | D:4      | Killed Duvessa
  4515 | D:4      | Reached skill level 1 in Translocations
  5432 | D:5      | Entered Level 5 of the Dungeon
  5451 | D:5      | Reached XP level 7. HP: 37/37 MP: 9/17
  5572 | D:5      | Reached skill level 1 in Fighting
  5715 | D:5      | Reached skill level 1 in Armour
  5838 | D:5      | Reached skill level 6 in Spellcasting
  6255 | D:5      | Reached XP level 8. HP: 43/43 MP: 6/19
  6441 | D:5      | Learned a level 3 spell: Mephitic Cloud
  6447 | D:5      | Learned a level 5 spell: Lightning Bolt
  6765 | D:5      | Found a staircase to the Ecumenical Temple.
  7557 | D:6      | Reached skill level 7 in Spellcasting
  7700 | D:6      | Reached skill level 8 in Spellcasting
  8025 | D:6      | Found a blossoming altar of Fedhas.
  8476 | D:6      | Found a hazy altar of Hepliaklqana.
  8477 | D:6      | Found a shimmering altar of Xom.
  8478 | D:6      | Noticed a spectral ugly thing
  8638 | D:6      | Found a snail-covered altar of Cheibriados.
  8680 | D:6      | Identified the +1 dagger "Xihom" {vorpal, +Blink rF- rCorr
                  | Stlth+}
  8801 | D:6      | Learned a level 4 spell: Airstrike
  9058 | D:7      | Reached XP level 9. HP: 47/47 MP: 19/23
  9060 | D:7      | Reached skill level 9 in Spellcasting
  9066 | D:7      | Reached skill level 1 in Hexes
  9066 | D:7      | Noticed Menkaure
  9070 | D:7      | Killed Menkaure
  9101 | D:7      | Found an ancient bone altar of Kikubaaqudgha.
  9244 | D:7      | Learned a level 4 spell: Flame Wave
  9399 | D:7      | Found a shadowy altar of Dithmenos.
  9627 | D:7      | Reached skill level 10 in Spellcasting
  9641 | D:7      | Found a flagged portal.
  9706 | Bailey   | Entered a bailey
 10060 | Bailey   | Noticed an orc knight
 10071 | Bailey   | Killed an orc knight
 10072 | Bailey   | Reached skill level 5 in Stealth
 10203 | Bailey   | Noticed an orc knight
 11267 | D:7      | Found a shimmering blue altar of Sif Muna.
 11272 | D:7      | Became a worshipper of Sif Muna the Loreminder
 11277 | D:7      | Learned a level 2 spell: Passwall
 11282 | D:7      | Got Sif Muna's Anthology of Glamour
 11284 | D:7      | Got Sif Muna's Vademecum on Orientation
 11407 | D:7      | Got Sif Muna's Omnibus of Orientation
 11819 | D:7      | Found a glowing golden altar of the Shining One.
 11844 | D:7      | Found a sacrificial altar of Ru.
 12380 | D:2      | Killed Crazy Yiuf
 12387 | D:2      | Identified the +3 hammer of the Chewing Pariah {vorpal,
                  | Str-5 Int+8 Stlth+}
 12659 | D:6      | Reached skill level 11 in Spellcasting
 12815 | D:8      | Noticed a komodo dragon
 12831 | D:8      | Reached XP level 10. HP: 49/53 MP: 14/27
 13016 | D:8      | Reached skill level 1 in Poison Magic
 13444 | D:8      | Found a staircase to the Lair.
 13449 | D:8      | Reached * piety under Sif Muna
 13959 | D:8      | Reached skill level 5 in Dodging
 14438 | Lair:1   | Entered Level 1 of the Lair of Beasts
 14479 | Lair:1   | Reached skill level 5 in Hexes
 14547 | Lair:1   | Reached skill level 12 in Spellcasting
 14669 | Lair:1   | Reached skill level 10 in Conjurations
 15494 | Lair:1   | Reached XP level 11. HP: 58/58 MP: 19/29
 15716 | Lair:2   | Noticed Urug
 15953 | Lair:2   | Killed Urug
 15954 | Lair:2   | Reached skill level 1 in Air Magic
 16014 | Lair:2   | Noticed a six-headed hydra
 16021 | Lair:2   | Killed a six-headed hydra
 16022 | Lair:2   | Reached skill level 13 in Spellcasting
 16085 | Lair:2   | Reached ** piety under Sif Muna
 16591 | Lair:2   | Noticed an oklob plant
 16733 | Lair:2   | Killed an oklob plant
 16734 | Lair:2   | Reached skill level 5 in Translocations
 16847 | Lair:2   | Noticed a seven-headed hydra
 17175 | Lair:2   | Killed a seven-headed hydra
 17586 | Lair:2   | Found a shimmering altar of Xom.
 17693 | Lair:2   | Identified the +8 sling of Kuismune {flame, Will+ rCorr
                  | Int-3}
 17993 | Lair:2   | Found a staircase to the Swamp.
 18373 | Lair:3   | Reached skill level 14 in Spellcasting
 18555 | Lair:3   | Found a staircase to the Snake Pit.
 18595 | Lair:3   | Reached XP level 12. HP: 63/64 MP: 9/32
 19010 | Lair:3   | Reached *** piety under Sif Muna
 19347 | Lair:3   | Reached skill level 5 in Armour
 20752 | Lair:3   | Reached skill level 15 in Spellcasting
 20861 | Lair:3   | Reached **** piety under Sif Muna
 21506 | Lair:4   | Found a viscous altar of Jiyva.
 21506 | Lair:4   | Found a staircase to the Slime Pits.
 21544 | Lair:4   | Found a transporter.
 21548 | Lair:4   | Noticed TheSexyCheese's ghost (journeyman HOFi)
 21556 | Lair:4   | Found a transporter.
 21654 | Lair:4   | Reached skill level 1 in Throwing
 23244 | Lair:5   | Entered Level 5 of the Lair of Beasts
 23247 | Lair:5   | Reached XP level 13. HP: 70/70 MP: 34/34
 23311 | Lair:5   | Reached skill level 16 in Spellcasting
 24107 | Lair:5   | Reached ***** piety under Sif Muna
 24145 | Lair:5   | Reached skill level 5 in Air Magic
 24803 | Lair:5   | Received a gift from Sif Muna
 24815 | Lair:5   | Learned a level 7 spell: Orb of Destruction
 24821 | Lair:5   | Learned a level 5 spell: Iskenderun's Battlesphere
 25898 | Lair:5   | Reached skill level 17 in Spellcasting
 26907 | Lair:5   | Found a corrupted altar of Lugonu.
 26909 | Lair:5   | Found a one-way gate to the infinite horrors of the Abyss.
 26925 | Lair:5   | Identified the +9 dire flail of Profit {protect, rF+}
 27151 | Lair:5   | Identified the +8 trident "Veshrud" {flame, rF+ Str-3 Int-3
                  | Dex+6}
 27808 | D:9      | Found Arugur's Jewellery Shop.
 28676 | D:9      | Found a radiant altar of Vehumet.
 28684 | D:9      | Found Venihur's Antique Armour Shop.
 28760 | D:10     | Entered Level 10 of the Dungeon
 28770 | D:10     | Reached skill level 5 in Short Blades
 28824 | D:10     | Noticed Sonja
 28836 | D:10     | Killed Sonja
 28850 | D:10     | Noticed Fannar
 29131 | D:9      | Learned a level 5 spell: Fireball
 29283 | D:10     | Identified the +8 scale mail "Idotimn" {rF+ Will+ Dex+4}
 29362 | D:10     | Found Bakich's Self-Improvement Boutique.
 29479 | D:10     | Found Zoxi's Antique Armour Boutique.
 29485 | D:10     | Killed Fannar
 29485 | D:10     | Received a gift from Sif Muna
 29486 | D:10     | Got Sif Muna's Advanced Guide to Thaumaturgy {god gift}
 29494 | D:10     | Bought a pair of embroidered boots for 247 gold pieces
 30376 | D:10     | Found a staircase to the Orcish Mines.
 30399 | Orc:1    | Entered Level 1 of the Orcish Mines
 30724 | Orc:1    | Reached skill level 18 in Spellcasting
 31049 | Orc:1    | Reached XP level 14. HP: 75/75 MP: 38/38
 31104 | Orc:1    | Reached skill level 1 in Fire Magic
 31278 | Orc:1    | Noticed an orc warlord
 31779 | Orc:1    | Killed an orc warlord
 32179 | Orc:2    | Entered Level 2 of the Orcish Mines
 32499 | Orc:2    | Noticed an orc warlord
 32509 | Orc:2    | Found a staircase to the Elven Halls.
 32523 | Orc:2    | Found Reotutis's Weapon Boutique.
 32523 | Orc:2    | Found Gyujan's General Store.
 32523 | Orc:2    | Found Codiub's Jewellery Shop.
 32532 | Orc:2    | Paralysed by an orc sorcerer for 4 turns
 32537 | Orc:2    | Found Cyfrodd's Book Boutique.
 33825 | Orc:2    | Noticed an orc warlord
 34047 | Orc:2    | Killed an orc warlord
 34302 | Orc:2    | Received a gift from Sif Muna
 34305 | Orc:2    | Got Sif Muna's Folio of Elsewhere {god gift}
 34529 | Orc:2    | Bought 6 poisoned darts for 31 gold pieces
 34529 | Orc:2    | Bought a scroll of enchant weapon for 97 gold pieces
 34529 | Orc:2    | Bought a scroll of poison for 52 gold pieces
 34535 | Orc:2    | Bought the amulet "Jokhlogh" {Regen+ rCorr} for 639 gold
                  | pieces
 34772 | Orc:2    | Reached skill level 19 in Spellcasting
 35085 | Orc:2    | Killed an orc warlord
 35618 | Elf:1    | Entered Level 1 of the Elven Halls
 37612 | Elf:1    | Found a runed translucent door.
 37612 | Elf:1    | Noticed a deep elf sorcerer
 37612 | Elf:1    | Noticed SushiGirl's ghost (journeyman DECj)
 37634 | Elf:1    | Reached skill level 20 in Spellcasting
 38239 | Elf:1    | Received a gift from Sif Muna
 39701 | Elf:1    | Reached XP level 15. HP: 60/80 MP: 26/41
 39920 | Elf:1    | Identified the +3 chain mail of Depression {rPois Int+3}
 40074 | Elf:2    | Found Torek's Weapon Shop.
 40949 | Elf:2    | Reached skill level 21 in Spellcasting
 40955 | Elf:2    | Noticed a deep elf sorcerer
 41128 | Elf:2    | Killed a deep elf sorcerer
 41423 | Elf:2    | Paralysed by an air elemental for 1 turns
 41539 | Elf:2    | Killed from afar by a deep elf zephyrmancer

Illustrated notes

Levels and vault maps discovered:
D:1:      dpeg_arrival_lava_altar, layout_rooms, st_stairs_5
D:2:      layout_basic, serial_shops, shop, minmay_tripent, uniq_sigmund,
          uniq_crazy_yiuf_cottage
D:3:      layout_loops_cross
D:4:      layout_layer_cave, serial_glass, glass_columns_a, glass_columns_c,
          uniq_duvessa
D:5:      layout_basic, minmay_temple_entry_arrows,
          amcnicky_mini_rare_corridor_liquid, hangedman_glass_teeth
D:6:      layout_loops_corners, regret_index_temple_of_mockery, slow_altar_2,
          mainiacjoe_overflow_surrounded_room, minmay_manual_mail
D:7:      layout_gridville, kiku_gazebo_pond_becter,
          nicolae_sif_muna_little_library,
          nicolae_dithmenos_through_a_glass_darkly,
          mainiacjoe_overflow_two_lobes, enter_bailey_5, uniq_menkaure
D:8:      wad_pebble_path, layout_basic, due_lair_maze_entry_diamond,
          interstate_on_off
D:9:      layout_big_octagon, kennysheep_mini, serial_shops,
          nicolae_shop_statue_plus, nicolae_lakefront_shop
D:10:     layout_irregular_city, orc_0_dummy, serial_shops, shop_statue,
          serial_column_ruins, column_ruins_open_tiny,
          column_ruins_corridor_straight, column_ruins_corridor_plus,
          column_ruins_open_small, column_ruins_columns_corner,
          nicolae_shop_self_help, uniq_fannar, uniq_sonja
Lair:1:   layout_small_grid, lemuel_fruit_tree
Lair:2:   layout_regular_city, swamp_mist, basic_altar, uniq_urug
Lair:3:   layout_regular_city, minmay_snake_entry_guardpost_medium,
          gauntlet_entry_generic, grunt_forest_large_clearings
Lair:4:   layout_layer_cave, slime_entry_1, serial_rivers,
          chequers_serial_rivers_room_a, chequers_serial_rivers_micro_c,
          chequers_serial_rivers_room_a, chequers_serial_rivers_micro_c,
          chequers_serial_rivers_marsh, gammafunk_ghost_arena,
          grunt_forest_small_clearing_treed
Lair:5:   hellmonk_lair_end_abyssal_woods, layout_concentric_octagons,
          minivault_24, hibernation_bobbens, grunt_megastairs_4
Orc:1:    cheibrodos_orc_arena, layout_diamond_mine, basic_altar
Orc:2:    st_orc_mages, layout_caves, nicolae_orc_rockfall
Elf:1:    layout_geoelf_grid, ebering_ghost_inner_flame, minivault_28,
          serial_sigils_hangedman_stare
Elf:2:    nicolae_elf_blades_crystal_corner, layout_onion_city, serial_shops,
          nicolae_stop_n_shop_2

Skill      XL: |  1  2  3  4  5  6  7  8  9 10 11 12 13 14 15 |
---------------+----------------------------------------------+-----
Conjurations   | 5 6 7 8 9 10 11 12 13 | 13.8
Stealth        | 3 4 5 6 7 |  7.7
Short Blades   | 1 2 3 4 5 |  5.1
Dodging        | 3 4 5 6 8 |  8.4
Spellcasting   | 4 5 6 8 11 12 14 15 18 20 21 | 21.1
Translocations | 1 2 3 4 5 7 8 |  8.6
Fighting       | 1 2 3 |  3.9
Armour         | 2 3 4 5 |  5.3
Hexes          | 2 5 |  5.7
Poison Magic   | 1 |  1.9
Air Magic      | 2 4 7 9 |  9.9
Throwing       | 1 |  1.4
Fire Magic     | 1 |  1.2
Transmutations | |  0.8
Earth Magic    | |  0.8

Action                   |  1- 3 |  4- 6 |  7- 9 | 10-12 | 13-15 || total
-------------------------+-------+-------+-------+-------+-------++-------
Melee: Dagger            |    32 |    19 |   124 |   175 |    67 ||   417
       Punch             |       |     1 |     1 |       |     1 ||     3
Throw: Dart              |       |       |    14 |     2 |     4 ||    20
       Throwing net      |       |       |     2 |     1 |       ||     3
 Cast: Magic Dart        |    33 |    41 |    67 |    22 |     6 ||   169
       Searing Ray       |     7 |     8 |    27 |    57 |    38 ||   137
       Iskenderun's Myst |       |     9 |    40 |    99 |   122 ||   270
       Fulminant Prism   |       |     2 |    15 |    23 |    28 ||    68
       Lightning Bolt    |       |       |     4 |     6 |     8 ||    18
       Mephitic Cloud    |       |       |     7 |     4 |    20 ||    31
       Passwall          |       |       |     4 |       |     4 ||     8
       Flame Wave        |       |       |     1 |     3 |    12 ||    16
       Airstrike         |       |       |     1 |    22 |   178 ||   201
       Orb of Destructio |       |       |       |       |    66 ||    66
       Fireball          |       |       |       |       |    14 ||    14
       Iskenderun's Batt |       |       |       |       |     3 ||     3
 Abil: Evoke Blink       |       |       |       |     1 |     1 ||     2
Evoke: Lightning rod     |       |       |       |     2 |       ||     2
  Use: Scroll            |       |     3 |     9 |     6 |    19 ||    37
       Potion            |       |     3 |     3 |     1 |     4 ||    11
 Stab: Sleeping          |     2 |     1 |     2 |     7 |     4 ||    16
       Held in net/web   |       |       |     2 |       |       ||     2
       Confused          |       |       |       |       |     2 ||     2
Armor: Robe              |     6 |     2 |    12 |       |       ||    20
       Leather armour    |     1 |     4 |    33 |   161 |    64 ||   263
Dodge: Dodged            |    21 |    19 |    96 |   258 |   119 ||   513
